[Event "*** Titled Tuesday 3|2 Blitz"]
[Site "Chess.com"]
[Date "2016.07.05"]
[Round "4"]
[White "Journey_to_GrandMaster_YT"]
[Black "anon97531"]
[Result "1-0"]
[WhiteElo "2432"]
[BlackElo "2294"]
[TimeControl "180+2"]
[EndTime "17:49:15 PDT"]
[Termination "Journey_to_GrandMaster_YT won by resignation"]

1. d4 e6 2. Nf3 Nf6 3. e3 b6 4. Bd3 Bb7 5. Nbd2 c5 6. O-O Be7 7.
c3 O-O 8. e4 d5 9. Qe2 dxe4 10.
Nxe4 Nbd7 11. Rd1 Nxe4 12. Bxe4 Bxe4 13. Qxe4 Nf6 14. Qe2 cxd4 15. Rxd4 Qc8 16. Bg5 Rd8 17. Rad1 Rxd4 18. Rxd4 Qe8 19. Qd2 Rd8 20. h3 h6 21.
Bh4 Rxd4 22. Qxd4 Qd8 23. Bxf6 Bxf6 24. Qxd8+ Bxd8 25. Kf1 Bf6 26. Ke2 Kf8 27. Kd3 Ke7 28.
Kc4 a6 29. Nd2 Kd7 30. Ne4 Be7 31. a4 Kc6 32. b4 b5+ 33. axb5+ axb5+ 34. Kd3 f5 35. Nd2 Bd8 36. Nf3 Bf6 37. Nd4+ Bxd4 38. Kxd4 Kd6 39. f4 g5 40. g3 gxf4 41. gxf4 e5+ 42. fxe5+ Ke6 43. c4 bxc4 44. Kxc4 Kxe5 45. Kd3 Kd5 46.
h4 f4 47. h5 Kc6 48. Ke4 Kb5 49. Kxf4 Kxb4 50. Kf5 Kc5 51. Kg6 Kd6 52. Kxh6 Ke7 53. Kg7 1-0

[Event "*** Titled Tuesday 3|2 Blitz"]
[Site "Chess.com"]
[Date "2016.07.05"]
[Round "4"]
[White "ruifeng"]
[Black "MFBerna"]
[Result "1-0"]
[WhiteElo "2321"]
[BlackElo "2258"]
[TimeControl "180+2"]
[EndTime "17:49:24 PDT"]
[Termination "ruifeng won on time"]

1. e4 c6 2. d4 d5 3. exd5 cxd5 4. c4 Nf6 5. Nc3 e6 6. Nf3 Bb4 7. cxd5 Qxd5 8. Bd3 O-O 9. O-O Qh5 10. Ne2 Bd6 11. Nf4 Qa5 12. Bd2 Qb6 13. Rb1 Nc6 14. Ne2 Nb4 15. Bc4 Bd7 16. a3 Rac8 17. Bb3 Nbd5 18.
Nc3 Bc6 19. Bg5 Qc7 20. Ne2 Ne4 21. Bh4 Qb6 22. Bc2 Ndf6 23. Nc3 Qa5 24. Qd3 Qh5 25. Bg3 Bxg3 26. fxg3 Nxc3 27. bxc3 Ng4 28. h3 Nf6 29. g4 Qg6 30. Qd2 Ne4 31. Qe3 f5 32. Ne5 Qf6 33. gxf5 exf5 34. c4 Qd6 35. c5 Qd5 36. Bb3 1-0

[Event "*** Titled Tuesday 3|2 Blitz"]
[Site "Chess.com"]
[Date "2016.07.05"]
[Round "4"]
[White "Newlight1"]
[Black "JusticeBot"]
[Result "1/2-1/2"]
[WhiteElo "2282"]
[BlackElo "2554"]
[TimeControl "180+2"]
[EndTime "17:49:25 PDT"]
[Termination "Game drawn by agreement"]

1. e4 e5 2. Nf3 Nc6 3. d4 exd4 4. Bc4 Nf6 5. O-O Nxe4 6. Re1 d5 7. Bxd5 Qxd5 8. Nc3 Qh5 9. Nxe4 Be6 10. Bg5 Bd6 11. Nxd6+ cxd6 12. Bf4 Qd5 13. c3 Rc8 14. Nxd4 Nxd4 15.
Qxd4 Qxd4 16. cxd4 Kd7 17. b3 Rc2 18. d5 Bxd5 19.
Rad1 Kc6 20. Rc1 Rc5 21. Rcd1 Rd8 22. Rd2 Be6 23. Be3 Ra5 24. Bd4 g6 25. Rc1+ Kd7 26.
Rdc2 Ke7 27. f3 Ra6 28. g4 Bd5 29. Kf2 Bc6 30. a4 Kd7 31. Kg3 Re8 32. Rd1 Ra5 33.
Rcd2 Re6 34. Bc3 Ra6 35. Rd3 b5 36. a5 Bb7 37. Bb4 Rc6 38. h3 Ra6 39. Bc3 d5 40. b4 Kc8 41. Bd4 Kb8 42. Kf4 Rac6 43. Be5+ Ka8 44.
Rxd5 Rc4+ 45. R5d4 Rc8 46. Rd8 Re8 47. Rxe8 Rxe8 48.
Rd7 1/2-1/2

[Event "*** Titled Tuesday 3|2 Blitz"]
[Site "Chess.com"]
[Date "2016.07.05"]
[Round "4"]
[White "IamSchrodingersCat"]
[Black "SwiftyMcBishop"]
[Result "1-0"]
[WhiteElo "2239"]
[BlackElo "2053"]
[TimeControl "180+2"]
[EndTime "17:49:29 PDT"]
[Termination "IamSchrodingersCat won by resignation"]

1. e4 d5 2. exd5 Qxd5 3. Nc3 Qa5 4. Bc4 c6 5. d3 Bf5 6. Bd2 Nd7 7. Qe2 Ngf6 8. h3 e6 9. g4 Bg6 10. f4 O-O-O 11.
Nf3 Qc7 12. Ne5 Bd6 13. Nxd7 Nxd7 14. Rf1 h5 15. O-O-O hxg4 16. hxg4 Nf6 17. Ne4 Be7 18. Be3 Bxe4 19. dxe4 Nxe4 20. Bxa7 Ng3 21. Qf2 Nxf1 22. Rxf1 c5 23. Qf3 g5 24. fxg5 Bxg5+ 25. Kb1 Rhf8 26. a4 Rd7 27. Bxe6 fxe6 28. Qxf8+ Qd8 29. Qxc5+ Rc7 30. Qb4 Be7 31. Qb3 Qd7 32. Re1 Qc6 33. Rxe6 Qh1+ 34. Ka2 Qg2 35. Bb6 Rd7 36. Qc4+ Kb8 37. Rg6 Qd5 38.
Rg8+ Bd8 39. Qxd5 Rxd5 40. Rxd8+ Rxd8 41. Bxd8 Kc8 42. Bf6 Kd7 1-0

[Event "*** Titled Tuesday 3|2 Blitz"]
[Site "Chess.com"]
[Date "2016.07.05"]
[Round "4"]
[White "saraswathii"]
[Black "popov_m"]
[Result "1-0"]
[WhiteElo "2081"]
[BlackElo "2212"]
[TimeControl "180+2"]
[EndTime "17:49:33 PDT"]
[Termination "saraswathii won by resignation"]

1. e4 e6 2. d3 d5 3. Nd2 Nf6 4.
Ngf3 c5 5. g3 g6 6. Bg2 Bg7 7. O-O O-O 8. Qe2 Nc6 9. c3 b6 10.
e5 Nd7 11. d4 a5 12. Re1 Ba6 13. Qd1 cxd4 14. cxd4 Nb4 15. Bf1 Bxf1 16. Nxf1 Rc8 17.
Bg5 Qc7 18. a3 Nc6 19. Qd2 Rfe8 20. h4 a4 21. Rac1 Qb7 22. N1h2 Na5 23. Qf4 Rxc1 24. Rxc1 Rc8 25. Rb1 Qc6 26. Ne1 Qc4 27. Ng4 Qa2 28.
Rd1 Qxb2 29. Bh6 Bh8 30. Bg5 Bg7 31. Bf6 Nxf6 32. exf6 Qb3 33. Nh6+ Kf8 34. fxg7+ Kxg7 35. Rd3 Qb1 36. Re3 f5 37. Rxe6 Rc1 38. Re7+ Kf8 39.
Rf7+ Ke8 40. Qb8+ 1-0

[Event "*** Titled Tuesday 3|2 Blitz"]
[Site "Chess.com"]
[Date "2016.07.05"]
[Round "4"]
[White "Rock700chess"]
[Black "goingin33"]
[Result "0-1"]
[WhiteElo "2204"]
[BlackElo "2161"]
[TimeControl "180+2"]
[EndTime "17:49:37 PDT"]
[Termination "goingin33 won by checkmate"]

1. d4 Nf6 2. c4 g6 3. Nc3 d5 4. Nf3 Bg7 5. Bg5 Ne4 6. Bh4 Nxc3 7. bxc3 dxc4 8. Qa4+ Nd7 9. Qxc4 O-O 10. e3 c5 11. Be2 cxd4 12. cxd4 Qa5+ 13. Kf1 e5 14.
Be7 Re8 15. Bb4 Qd8 16. Rd1 Nb6 17. Qc2 e4 18. Ne5 Bf5 19. Bb5 Rc8 20. Qe2 Re6 21. g4 Bxg4 22. Qxg4 h5 23. Qe2 a6 24. Bc4 Nxc4 25. Nxc4 Rec6 26. Nd2 f5 27. h4 a5 28. Bc5 b6 29. Ba3 Rc3 30. Bc1 Rxc1 31. Kg2 R1c2 32.
Qb5 Kh7 33. Rh3 R8c6 34. d5 R6c5 35. Qb3 Qxd5 36. Nxe4 Qxe4+ 37. Kg1 Re2 38. Qf7 Rcc2 39. Rg3 Qc6 40. Rd7 Rc1+ 41. Kh2 Rh1# 0-1

[Event "*** Titled Tuesday 3|2 Blitz"]
[Site "Chess.com"]
[Date "2016.07.05"]
[Round "4"]
[White "Danhy"]
[Black "DanielNaroditsky"]
[Result "1/2-1/2"]
[WhiteElo "2416"]
[BlackElo "2671"]
[TimeControl "180+2"]
[EndTime "17:49:38 PDT"]
[Termination "Game drawn by agreement"]

1. c4 e5 2. g3 Nc6 3. Nc3 Bc5 4. Bg2 d6 5. d3 a6 6. a3 Nf6 7.
Nf3 Nd4 8. O-O c6 9. Nd2 h5 10.
e3 Bg4 11. f3 Nf5 12. Nde4 Nxe3 13. Bxe3 Bxe3+ 14. Kh1 Be6 15. Qe1 Bd4 16. f4 Ng4 17. Ne2 Ne3 18. Nxd4 exd4 19. f5 Bc8 20. f6 g6 21. Rf4 Bf5 22. Qb4 O-O 23. Nxd6 Bxd3 24. Qc5 Nxg2 25. Kxg2 b6 26. Qxd4 Be2 27. Re4 Bg4 28.
Rae1 c5 29. Qd5 Be6 30. Rxe6 fxe6 31. Qxe6+ Kh7 32. Qe7+ Qxe7 33. fxe7 Rfe8 34. Nxe8 Rxe8 35. Kf3 Kg7 36. Kf4 Kf6 37. h4 b5 38. b3 1/2-1/2

[Event "*** Titled Tuesday 3|2 Blitz"]
[Site "Chess.com"]
[Date "2016.07.05"]
[Round "4"]
[White "ChrisTool2"]
[Black "LonesomeGeorge1"]
[Result "0-1"]
[WhiteElo "2283"]
[BlackElo "2280"]
[TimeControl "180+2"]
[EndTime "17:49:40 PDT"]
[Termination "LonesomeGeorge1 won by resignation"]

1. d4 Nf6 2. c4 g6 3. f3 Bg7 4. e4 d6 5. Ne2 O-O 6. Bg5 c5 7. d5 e6 8. Qd2 exd5 9. cxd5 h6 10.
Be3 b5 11. Na3 a6 12. Ng3 h5 13. Bd3 Nbd7 14. O-O Ne5 15. h3 Nxd3 16. Qxd3 Nd7 17.
Rf2 Re8 18. Raf1 Ne5 19. Qb1 b4 20. Nc2 Nc4 21. Bc1 h4 22. Ne2 f5 23. b3 Nb6 24.
Ne3 fxe4 25. fxe4 Qe7 26. Bb2 Qxe4 27. Bxg7 Qxb1 28. Rxb1 Kxg7 29. Rf3 Nxd5 30. Nxd5 Rxe2 31. Rbf1 Bf5 32. Ne3 Be6 33. Nc4 Bd5 34. R3f2 Rxf2 35. Rxf2 Bxc4 36. bxc4 Re8 37. Rd2 Re6 38. Kf2 Kf7 39.
Kf3 Ke7 40. Kf4 Re1 41. Kg5 Re4 42. Kxg6 Rxc4 43. Re2+ Kd7 44. Kg5 Rd4 45. Rf2 c4 46.
Rf3 c3 47. a3 c2 48. Rf1 Rd1 49. Rf7+ Kc6 50. Rf8 c1=Q+ 0-1

[Event "*** Titled Tuesday 3|2 Blitz"]
[Site "Chess.com"]
[Date "2016.07.05"]
[Round "4"]
[White "MaestroASK"]
[Black "E-Shaposhnikov"]
[Result "0-1"]
[WhiteElo "2479"]
[BlackElo "2664"]
[TimeControl "180+2"]
[EndTime "17:49:42 PDT"]
[Termination "E-Shaposhnikov won by resignation"]

1. g3 c5 2. d3 Nc6 3. Bg2 d5 4. c3 f5 5. e4 dxe4 6. dxe4 Qxd1+ 7. Kxd1 Nf6 8. Nd2 e5 9. Ke2 fxe4 10. Nxe4 Bg4+ 11.
Bf3 Bf5 12. Nxf6+ gxf6 13. Be3 O-O-O 14. Rd1 Be7 15. Ke1 e4 16. Be2 Ne5 17. Bf4 Nd3+ 18.
Bxd3 exd3 19. Kd2 Be4 20. f3 Bd5 21. b3 b5 22. h4 c4 23. Rb1 Bc5 24. bxc4 Bxc4 25.
Nh3 Rhe8 26. Rhe1 Re2+ 27. Rxe2 dxe2+ 28. Ke1 Rd1+ 29. Rxd1 exd1=Q+ 30. Kxd1 Bf1 31. Ng5 fxg5 32. Bxg5 Bc4 33. f4 Bxa2 34. g4 Bb3+ 35. Kd2 a5 36.
Kc1 a4 37. Kb2 Bc4 38. Bf6 a3+ 39. Kc2 Kd7 40. g5 Be2 41. Kb3 Ke6 42. Be5 Bd1+ 43.
Ka2 Kf5 44. Bc7 Be2 45. Be5 Bc4+ 46. Kb1 Bf7 47. Bc7 Be3 0-1

[Event "*** Titled Tuesday 3|2 Blitz"]
[Site "Chess.com"]
[Date "2016.07.05"]
[Round "4"]
[White "Sanan_Sjugirov"]
[Black "Izoria123"]
[Result "1-0"]
[WhiteElo "2669"]
[BlackElo "2595"]
[TimeControl "180+2"]
[EndTime "17:49:45 PDT"]
[Termination "Sanan_Sjugirov won by resignation"]

1. d4 e6 2. Nf3 Nf6 3. Bg5 c5 4.
e3 h6 5. Bh4 cxd4 6. exd4 Be7 7.
Bd3 b6 8. Qe2 Nc6 9. c3 Bb7 10.
Nbd2 Nh5 11. Bxe7 Nxe7 12. g3 Nf6 13. O-O-O Qc7 14. Rhe1 d6 15. Kb1 a6 16. Nf1 b5 17. Ne3 Ned5 18. Nd2 O-O 19. Nxd5 Bxd5 20. g4 Rfc8 21. Rg1 Kf8 22. g5 hxg5 23. Rxg5 Qa5 24.
Nb3 Qa4 25. Nc1 Rc6 26. Rdg1 Ne8 27. Qh5 Rac8 28. Bc2 Qa5 29. Rxd5 exd5 30. Re1 f5 31.
Bxf5 Rxc3 32. Qh8+ Kf7 33. Be6+ Kg6 34. Rg1+ Kf6 35.
Bxc8 Rxc8 36. Qh4+ Kf7 37. Qh5+ Kg8 38. Qxd5+ Kf8 39.
Qf5+ 1-0

[Event "*** Titled Tuesday 3|2 Blitz"]
[Site "Chess.com"]
[Date "2016.07.05"]
[Round "4"]
[White "vellottiwizard"]
[Black "bilelou"]
[Result "1-0"]
[WhiteElo "2520"]
[BlackElo "2280"]
[TimeControl "180+2"]
[EndTime "17:49:47 PDT"]
[Termination "vellottiwizard won by resignation"]

1. e4 c5 2. Nf3 d6 3. d4 cxd4 4. Nxd4 Nf6 5. Nc3 a6 6. Be3 e5 7. Nb3 Be7 8. f4 exf4 9. Bxf4 Nc6 10. Qe2 Be6 11. h3 Nd7 12. O-O-O Nce5 13. g4 O-O 14. Kb1 Rc8 15. Qe3 b5 16. Nd4 Re8 17. Nf5 Bxf5 18. exf5 Bf8 19. Qg3 Qc7 20. Rh2 Nb6 21. g5 b4 22. Ne4 Kh8 23. Rg2 Nec4 24. Nf6 Nxb2 25. Nxe8 Rxe8 26. Kxb2 Na4+ 27. Kc1 Nc3 28. Re1 Rc8 29.
Bd3 Nxa2+ 30. Kd2 b3 31. cxb3 Nc3 32. g6 Be7 33. gxh7 Bf6 34. Bh6 Nb1+ 35. Rxb1 Qc3+ 36. Kd1 g6 37. fxg6 fxg6 38. Qxg6 1-0

[Event "*** Titled Tuesday 3|2 Blitz"]
[Site "Chess.com"]
[Date "2016.07.05"]
[Round "4"]
[White "Cayse"]
[Black "underdogchss"]
[Result "1-0"]
[WhiteElo "2581"]
[BlackElo "2351"]
[TimeControl "180+2"]
[EndTime "17:49:49 PDT"]
[Termination "Cayse won on time"]

1. e4 d6 2. d4 Nf6 3. Nc3 g6 4. f4 Bg7 5. Nf3 O-O 6. Be3 b6 7. Qd2 Bb7 8. e5 Ng4 9. Bg1 c5 10. dxc5 dxe5 11. h3 Qxd2+ 12. Nxd2 Nh6 13. fxe5 Bxe5 14.
cxb6 Nc6 15. bxa7 Nb4 16. O-O-O Rfc8 17. Nc4 Bf4+ 18. Kb1 Nf5 19. Nb6 Ne3 20. Bxe3 Bxe3 21. Nxc8 Rxc8 22. a3 Nc6 23. Nd5 Bxa7 24. Bb5 Kf8 25.
Bxc6 Bxc6 26. Rd2 e6 27. Nb4 Bb5 28. Rhd1 Ke7 29. Nd3 f6 30. b3 e5 31. a4 Be8 32.
Nb4 Bd4 33. Rxd4 exd4 34. Rxd4 Ke6 35. Nd3 g5 36. g3 Bg6 37. Kb2 f5 38. a5 h5 39. h4 f4 40. gxf4 gxh4 41. f5+ Kxf5 42. Rxh4 Kg5 43. Rh1 h4 44. Rg1+ Kf5 45. a6 h3 46. Rh1 Rh8 47. a7 Kg4 48. Ne5+ 1-0

[Event "*** Titled Tuesday 3|2 Blitz"]
[Site "Chess.com"]
[Date "2016.07.05"]
[Round "4"]
[White "Indianlad"]
[Black "Konavets"]
[Result "0-1"]
[WhiteElo "2564"]
[BlackElo "2520"]
[TimeControl "180+2"]
[EndTime "17:49:49 PDT"]
[Termination "Konavets won by resignation"]

1. d4 b5 2. e4 a6 3. Nf3 Bb7 4. Bd3 e6 5. O-O Be7 6. a4 b4 7. Re1 Nf6 8. Nbd2 d5 9. e5 Nfd7 10. Nf1 c5 11. c3 Nc6 12. Ng3 h5 13. h3 g5 14. Be3 g4 15. hxg4 hxg4 16. Nh2 bxc3 17.
bxc3 cxd4 18. cxd4 Bb4 19. Re2 Qh4 20. Ngf1 Nxd4 21.
Rb2 a5 22. Bf4 Nc6 23. Bg3 Qh5 24. Be2 Ndxe5 25. Rc1 Rc8 26. Rbc2 Ke7 27. Bb5 Bd6 28.
Bxc6 Rxc6 29. Rb1 Rxc2 30. Qxc2 Bc8 31. Qd2 Bd7 32. Qxa5 d4 33. Qd2 d3 34. a5 Qf5 35.
a6 Qe4 36. Re1 Qd4 37. Rb1 Bc6 38. Qc1 Qe4 39. Ne3 d2 40. Qd1 Bc5 41. Nhf1 Bxe3 42. Nxe3 Qh7 43. Kf1 Bxg2+ 44. Nxg2 Qd3+ 45. Kg1 Nf3+ 46. Qxf3 Qxb1+ 0-1

[Event "*** Titled Tuesday 3|2 Blitz"]
[Site "Chess.com"]
[Date "2016.07.05"]
[Round "4"]
[White "proxy6"]
[Black "Astaneh"]
[Result "0-1"]
[WhiteElo "1921"]
[BlackElo "2449"]
[TimeControl "180+2"]
[EndTime "17:49:55 PDT"]
[Termination "Astaneh won by resignation"]

1. d4 Nf6 2. c4 g6 3. f3 d5 4. cxd5 Nxd5 5. e4 Nb6 6. Nc3 Bg7 7. Be3 O-O 8. Qd2 Nc6 9. Nge2 Nc4 10. Qc1 Nxe3 11.
Qxe3 Nxd4 12. Nxd4 Qxd4 13. Qxd4 Bxd4 14. O-O-O Be3+ 15. Kc2 c6 16. Bc4 Bb6 17. Rd2 Rd8 18. Rhd1 Rxd2+ 19. Rxd2 Kf8 20. g3 e5 21. Ne2 Ke7 22. f4 exf4 23. Nxf4 Bg4 24. b4 Rd8 25. b5 cxb5 26. Nd5+ Kf8 27. Bxb5 Ba5 28. Rf2 Be6 29. Bc4 Kg7 30. Bb3 Rc8+ 31. Kb2 Rc5 32. Rc2 Rxc2+ 33.
Kxc2 Bd8 34. Kd3 h5 35. Bd1 f5 36. Bf3 fxe4+ 37. Bxe4 b6 38. a3 Bf7 39. Kd4 Be8 40.
Kc4 g5 41. Nc3 Kf6 42. Nb5 Ke5 43. Bg2 a6 44. Nd4 b5+ 45. Kd3 Bg6+ 46. Ke3 Bb6 0-1

[Event "*** Titled Tuesday 3|2 Blitz"]
[Site "Chess.com"]
[Date "2016.07.05"]
[Round "4"]
[White "ZapataCharlesS"]
[Black "wonderfultime"]
[Result "0-1"]
[WhiteElo "2472"]
[BlackElo "2663"]
[TimeControl "180+2"]
[EndTime "17:50:07 PDT"]
[Termination "wonderfultime won on time"]

1. e4 c5 2. c3 Nf6 3. e5 Nd5 4. g3 e6 5. Bg2 d6 6. exd6 Bxd6 7. Ne2 O-O 8. Na3 Nc6 9. O-O Rb8 10.
Nb5 Be7 11. d4 a6 12. Na3 b5 13. Nc2 Bb7 14. Nf4 Nf6 15. Be3 e5 16. Bxc6 Bxc6 17. dxe5 Nd5 18. Nxd5 Bxd5 19. f4 Qd7 20. Qe2 Rfd8 21. Rad1 Qf5 22. Bc1 Bc4 23. Ne3 Bxe2 24. Nxf5 Bxf1 25. Rxf1 Bf8 26. Be3 Rd3 27. Kf2 g6 28. Ke2 c4 29. Nd4 Bc5 30. a3 a5 31.
Rd1 Rxd1 32. Kxd1 Bxd4 33. Bxd4 b4 34. a4 Kf8 35. Ke2 Ke7 36. Ke3 Ke6 37. Ke4 h5 38. h3 Rd8 39. g4 hxg4 40. hxg4 bxc3 0-1

[Event "*** Titled Tuesday 3|2 Blitz"]
[Site "Chess.com"]
[Date "2016.07.05"]
[Round "4"]
[White "Hikaru"]
[Black "GeorgMeier"]
[Result "1-0"]
[WhiteElo "3004"]
[BlackElo "2653"]
[TimeControl "180+2"]
[EndTime "17:50:11 PDT"]
[Termination "Hikaru won by resignation"]

1. d4 Nf6 2. Bf4 e6 3. e3 Be7 4.
c4 d5 5. Nc3 O-O 6. a3 Nbd7 7.
c5 c6 8. Bd3 b6 9. b4 a5 10.
Nf3 Ba6 11. O-O Qc8 12. h3 Qb7 13. Qe2 Bxd3 14. Qxd3 Ra7 15. Rab1 axb4 16. axb4 Rfa8 17. Rfc1 Bd8 18. Qc2 Bc7 19. Bxc7 Qxc7 20. b5 Ra5 21. bxc6 Qxc6 22. cxb6 Nxb6 23. Nxd5 Qxc2 24. Nxf6+ gxf6 25.
Rxc2 Nd5 26. g4 Kg7 27. Kg2 Ra1 28. Rxa1 Rxa1 29. Rb2 Rc1 30. Nd2 Rc7 31. Ne4 Kg6 32. Rb8 Kg7 33. Ng3 Ne7 34. Nh5+ Kg6 35. Nf4+ Kg7 36.
Re8 Ra7 37. Kg3 h6 38. f3 f5 39. Nh5+ Kg6 40. Nf4+ Kg7 41. e4 fxe4 42. fxe4 Rd7 43. Kf2 Ra7 44. h4 Rb7 45. Ke3 Kf6 46. e5+ Kg7 47. Ke4 Ra7 48. Nh5+ Kg6 49. Nf6 Kg7 50. h5 Rb7 51. Kd3 Ra7 52. Kc4 Rc7+ 53. Kb5 1-0

[Event "*** Titled Tuesday 3|2 Blitz"]
[Site "Chess.com"]
[Date "2016.07.05"]
[Round "4"]
[White "SavelijTartakover"]
[Black "AlexanderL"]
[Result "0-1"]
[WhiteElo "2507"]
[BlackElo "2552"]
[TimeControl "180+2"]
[EndTime "17:50:30 PDT"]
[Termination "AlexanderL won by resignation"]

1. d4 e6 2. c4 b6 3. a3 Bb7 4. Nc3 f5 5. d5 Nf6 6. g3 Bd6 7. Bg2 O-O 8. Nf3 Na6 9. O-O Nc5 10. Nd4 Be5 11. e3 Nfe4 12. Qc2 Nxc3 13. Qxc3 Ne4 14.
Qc2 exd5 15. cxd5 Bxd4 16. exd4 Bxd5 17. Bf4 c6 18. Rfe1 Qf6 19. f3 Ng5 20. Qf2 Ne6 21. Be5 Qe7 22. Rad1 Rae8 23. Bf4 g5 24. Bd2 Qg7 25.
Bc3 g4 26. f4 Nc7 27. Bb4 Rxe1+ 28. Rxe1 Re8 29. Bxd5+ cxd5 30. Re5 Qf7 31. Qc2 Rxe5 32. dxe5 Ne6 33. Qc8+ Kg7 34. Qb7 a5 35. Bd6 Nd4 36. Kf2 Nf3 37. h4 d4 38. Qb8 Nd2 39. Qd8 Ne4+ 40. Kg2 d3 41. e6 Qxe6 42. Be5+ Kg6 43.
Qf8 h6 44. Qg7+ Kh5 45. Bc3 Nxc3 46. Qxc3 Qe2+ 47. Kg1 d2 0-1

[Event "*** Titled Tuesday 3|2 Blitz"]
[Site "Chess.com"]
[Date "2016.07.05"]
[Round "4"]
[White "AdrianaNikolova"]
[Black "matein28"]
[Result "0-1"]
[WhiteElo "2307"]
[BlackElo "2376"]
[TimeControl "180+2"]
[EndTime "17:51:01 PDT"]
[Termination "matein28 won by resignation"]

1. e4 d5 2. exd5 Qxd5 3. Nc3 Qa5 4. d4 c6 5. Nf3 Nf6 6. Bd3 Bg4 7. Qe2 e6 8. Bd2 Bb4 9. a3 Nbd7 10. h3 Bxf3 11. Qxf3 Nd5 12. Bc4 Nxc3 13. bxc3 Be7 14. Bd3 Nf6 15. O-O O-O 16. Rfb1 Qc7 17. Bf4 Qd7 18.
a4 Nd5 19. Bd2 a5 20. Re1 g6 21. c4 Nb4 22. Bc3 Nxd3 23. cxd3 Bb4 24. Bb2 Bxe1 25.
Rxe1 f6 26. g4 g5 27. h4 h6 28. hxg5 hxg5 29. Qe4 Rae8 30. d5 exd5 31. Qg6+ Qg7 32. Qxe8 Rxe8 33. Rxe8+ Kf7 34. Rb8 Ke6 35. c5 Qe7 36. Bd4 f5 37. Rg8 fxg4 38. Rg7 Qe8 39. Rxg5 Kf7 40. Rg7+ Kf8 41. Rxg4 Qe1+ 42. Kg2 Qb1 43.
Rg3 Qb3 44. Be5 d4 45. Bd6+ Kf7 46. f4 Qxa4 47. f5 Qc2+ 48. Kh3 Qe2 49. Kh4 Kf6 50. Rg6+ Kxf5 51. Rg5+ Kf6 52. Rg4 Qxd3 53. Rg3 Qh7+ 54.
Kg4 Qf5+ 55. Kh4 d3 56. Rg2 d2 57. Rxd2 Qg5+ 58. Kh3 Qxd2 59. Kg4 Qd4+ 0-1

[Event "*** Titled Tuesday 3|2 Blitz"]
[Site "Chess.com"]
[Date "2016.07.05"]
[Round "4"]
[White "RobertoJBM"]
[Black "MinhGTrAn"]
[Result "0-1"]
[WhiteElo "2287"]
[BlackElo "2665"]
[TimeControl "180+2"]
[EndTime "17:51:17 PDT"]
[Termination "MinhGTrAn won by resignation"]

1. d4 Nf6 2. e3 e6 3. Nf3 b6 4. Bd3 Bb7 5. Qe2 c5 6. c3 Be7 7. Nbd2 O-O 8. e4 cxd4 9. cxd4 d5 10. e5 Nfd7 11. h4 h6 12. h5 Qc8 13. O-O Ba6 14. a3 Bxd3 15. Qxd3 Qa6 16. Qxa6 Nxa6 17. Rd1 Rfc8 18.
Kf1 Rc7 19. Ke2 Rac8 20. Kd3 Ndb8 21. Ne1 Nc6 22. Nb3 Nab8 23. Be3 Nd7 24. g4 a5 25. f4 a4 26. Nd2 Na5 27. Rab1 b5 28. Ke2 Nb6 29.
Nd3 Rc2 30. Rdc1 Rxc1 31. Rxc1 Rxc1 32. Nxc1 Nbc4 33. Nd3 g6 34. Nb1 gxh5 35. gxh5 Nc6 36. Nc3 Na7 37. Bc1 Kg7 38. Kf3 f5 39. exf6+ Bxf6 40. Be3 Kf7 41. Ne5+ Ke7 42. Ng4 Bg7 43. Bc1 Nd6 44. Ne5 Nf5 45. Be3 Kd6 46. Bf2 Kc7 47.
Ke2 Kb6 48. Nd7+ Kc7 49. Ne5 Bf6 50. Kd3 Be7 51. Nd1 Nc6 52. Ng4 Bd6 53. Nde3 Bxf4 54. Nxf5 exf5 55. Be3 Bxe3 56. Nxe3 Ne7 57. Ke2 Kd6 58.
Kf3 Ke6 59. Kf4 Kf6 60. Nd1 Nc6 61. Ke3 Kg5 62. Nc3 f4+ 63. Kd3 Kxh5 64. Nxd5 Kg4 65. Nc3 f3 66. Ke3 Kg3 67. Ne4+ Kg2 68. d5 Ne5 69. Kf4 Nc4 70. Kg4 f2 71. Nxf2 Kxf2 72. Kh5 Ke3 0-1

[Event "*** Titled Tuesday 3|2 Blitz"]
[Site "Chess.com"]
[Date "2016.07.05"]
[Round "4"]
[White "ChessNinja48"]
[Black "aripov96"]
[Result "1-0"]
[WhiteElo "2337"]
[BlackElo "2271"]
[TimeControl "180+2"]
[EndTime "17:51:19 PDT"]
[Termination "ChessNinja48 won by resignation"]

1. d4 c5 2. d5 Nf6 3. Nc3 e6 4. e4 exd5 5. exd5 Bd6 6. Bd3 O-O 7. Nge2 a6 8. a4 Qc7 9. b3 Be5 10. Bg5 h6 11. Bd2 Re8 12. h3 Bxc3 13. Bxc3 Nxd5 14. Bd2 Nc6 15. O-O d6 16. Ng3 Ncb4 17. Bc4 Nf6 18.
c3 Nc6 19. Bd3 d5 20. Bc2 d4 21. Qf3 Ne5 22. Qf4 Nd5 23. Qe4 Nf6 24. Qh4 d3 25.
Bd1 Ng6 26. Qc4 Be6 27. Qxd3 Rad8 28. Qc2 Nf4 29. Bf3 Bd5 30. Bxd5 Rxd5 31. Rad1 Red8 32. Be3 Rxd1 33. Rxd1 Rxd1+ 34. Qxd1 N4d5 35. Qd3 Nxe3 36. Qxe3 c4 37. b4 Qd7 38. a5 Qd1+ 39. Kh2 Qd3 40. Qe5 Kh7 41. Nf5 Qe4 42. Qc5 Nd5 43. Ng3 Qd3 44. Qf8 Nxc3 45. Qxf7 Ne2 46. Nf5 Qc3 47. g3 Qa1 48. Kg2 Nc1 49. h4 Nd3 50. h5 Ne1+ 51. Kh2 Nf3+ 52. Kg2 Ng5 53. Qg6+ Kg8 54.
Nxh6+ Kf8 55. Nf5 Qe5 56. Qxg5 c3 57. Qd8+ Kf7 58. Ne3 Qe4+ 59. Kh2 Qf3 60. Qc7+ Kg8 61. Qc4+ Kh8 62. Qc8+ Kh7 63. Qxc3 Qxf2+ 64. Ng2 Qf3 65. Qxf3 Kh6 66. Qg4 Kh7 67. Qg6+ Kh8 68. Nf4 1-0

[Event "*** Titled Tuesday 3|2 Blitz"]
[Site "Chess.com"]
[Date "2016.07.05"]
[Round "4"]
[White "Viaje"]
[Black "Boryboy"]
[Result "0-1"]
[WhiteElo "2122"]
[BlackElo "2496"]
[TimeControl "180+2"]
[EndTime "17:51:51 PDT"]
[Termination "Boryboy won by resignation"]

1. d4 Nf6 2. c4 e6 3. Nc3 a6 4.
e4 c5 5. d5 exd5 6. exd5 d6 7.
h3 g6 8. Nf3 Bg7 9. Bd3 O-O 10.
O-O b5 11. cxb5 axb5 12. Bxb5 Ba6 13. a4 Bxb5 14. Nxb5 Na6 15. Bf4 Ne8 16. Rb1 Nac7 17. Nxc7 Nxc7 18. b3 Na6 19. Nd2 Nb4 20. Nc4 Ra6 21.
Qd2 Qd7 22. Rfe1 Bd4 23. Re4 Nxd5 24. Bh6 Nc3 25. Rxd4 cxd4 26. Rb2 Qa7 27. Bxf8 Kxf8 28. Qf4 d5 29. Ne5 Re6 30. Kh2 Kg7 31. Rd2 Ne4 32. Rxd4 Rf6 33. Qe3 Nxf2 34. Nf3 Qb8+ 35. Qe5 Qxb3 36. Rf4 Ne4 37. Rxf6 Nxf6 38. Ng5 Qxa4 39.
Nxh7 Kxh7 40. Qxf6 Qd7 41. Qd4 Qc7+ 42. Kg1 Qc4 43.
Qf6 d4 44. Qh4+ Kg7 45. Qf4 Qd5 46. Qd2 d3 47. Kf2 Kf6 48. Ke3 Ke6 49. Qxd3 Qxg2 50.
Kf4 Qh2+ 51. Kg4 Qg1+ 52. Kf4 Qf2+ 53. Kg4 Qa2 54. Qe4+ Kd7 55. Qd4+ Ke7 56. Qe5+ Qe6+ 57. Qxe6+ Kxe6 58. Kg5 Ke5 59. h4 Ke6 60. Kg4 f6 61.
Kf4 Kd5 62. Ke3 Ke5 63. Kf3 Kf5 64. Kg3 Ke4 65. Kg4 f5+ 66. Kg5 f4 67. Kxg6 f3 68.
h5 f2 69. h6 f1=Q 70. h7 Qa1 71. h8=Q Qxh8 0-1

[Event "*** Titled Tuesday 3|2 Blitz"]
[Site "Chess.com"]
[Date "2016.07.05"]
[Round "4"]
[White "TyIerDurden"]
[Black "dretch"]
[Result "1-0"]
[WhiteElo "2448"]
[BlackElo "2621"]
[TimeControl "180+2"]
[EndTime "17:53:22 PDT"]
[Termination "TyIerDurden won on time"]

1. Nf3 d5 2. g3 Bg4 3. Bg2 Nd7 4. d3 e6 5. Nbd2 Be7 6. O-O Ngf6 7. c4 O-O 8. cxd5 exd5 9. h3 Bh5 10. g4 Bg6 11. Nh4 Re8 12. Nxg6 hxg6 13. Nf3 Nf8 14. a3 Ne6 15. Bd2 Bd6 16. e3 c6 17. b4 Nd7 18.
Rc1 g5 19. Re1 Ne5 20. Nxe5 Bxe5 21. d4 Bc7 22. b5 Qd6 23. bxc6 bxc6 24. Qc2 Rac8 25.
Kf1 Bb6 26. Bb4 c5 27. dxc5 Bxc5 28.
Bxc5 Nxc5 29. Red1 Qf6 30. Qc3 Qa6+ 31. Kg1 Nd3 32.
Rxd3 Rxc3 33. Rcxc3 Rd8 34. Bxd5 Kf8 35. Bc4 Rxd3 36.
Bxd3 Qa5 37. Rb3 Qd5 38. Rb8+ Ke7 39. Bf1 Qa5 40. Rb7+ Ke8 41. Bb5+ Kf8 42. a4 a6 43. Rb8+ Ke7 44. Rb7+ Kf6 45. Ra7 Qe1+ 46. Bf1 a5 47.
Ra6+ Ke5 48. Ra7 Kf6 49. Ra6+ Ke7 50. Ra7+ Ke6 51. Ra6+ Kd5 52. Ra7 f6 53. Rd7+ Kc5 54.
Rb7 Kc6 55. Rxg7 Qa1 56. Rf7 Kd6 57. Kg2 Qxa4 58. Rxf6+ Ke7 59. Ra6 Qe4+ 60. Kg3 a4 61. Ra7+ Kd8 62. Ra5 Qb4 63. Rxg5 a3 64. Rg8+ Kc7 65.
Rg7+ Kb8 66. Rg8+ Ka7 67. Bg2 Qd6+ 68. Kh4 Kb6 69. Ra8 Kb5 70. f4 Kb4 71. g5 Kb3 72. Bf3 a2 73. f5 Kb2 74. Kg4 a1=Q 75. Rxa1 Kxa1 76. h4 Kb2 77. g6 Qf6 78. h5 Qf8 79. Kg5 Qe7+ 80. Kg4 Qf8 81. e4 Kc3 82. Kg5 Qe7+ 83.
Kh6 Kd4 84. g7 Qf7 85. Kh7 Ke5 86. h6 Kf6 87. Kh8 1-0